 Dungeon Crawl Stone Soup version 0.27-a0-1442-g87b6fcb595 (webtiles) character file.

Game seed: 7979838628589393592

569 funkygono the Quickloader (level 7, 0/56 HPs)
             Began as a Gnoll Hunter on July 4, 2021.
             Was an Initiate of Okawaru.
             Slain by a gnoll (10 damage)
             ... on level 5 of the Dungeon.
             The game lasted 00:07:21 (4995 turns).

funkygono the Quickloader (Gnoll Hunter)            Turns: 4995, Time: 00:07:22

Health: 0/56       AC:  4    Str: 12    XL:     7   Next: 33%
Magic:  6/10       EV: 13    Int: 11    God:    Okawaru [......]
Gold:   161        SH:  0    Dex: 13    Spells: 6/10 levels left

rFire    . . .     SeeInvis .   a - +2 rapier (chaos)
rCold    + . .     Faith    .   (no shield)
rNeg     . . .     Spirit   .   c - +0 leather armour
rPois    .         Reflect  .   (no helmet)
rElec    .         Harm     +   e - scarf {harm}
rCorr    .         Rampage  .   i - +0 pair of gloves
Will     .....                  (no boots)
Stlth    ++........             (no amulet)
HPRegen  0.18/turn              f - ring of wizardry
MPRegen  0.12/turn              k - ring of protection from cold

@: no status effects
A: fangs 1, strong nose, distributed training
a: Renounce Religion


You were on level 5 of the Dungeon.
You worshipped Okawaru.
Okawaru was noncommittal.
You visited 1 branch of the dungeon, and saw 5 of its levels.

You collected 161 gold pieces.

Inventory:

Hand Weapons
 a - a +2 rapier of chaos (weapon)
 b - a +1 hand crossbow
 j - a +0 short sword
 l - a +0 flail of flaming
 m - a +1 whip of chaos
Missiles
 d - 26 bolts
 o - 53 arrows
Armour
 c - a +0 leather armour (worn)
 e - a scarf of harm (worn)
 i - a +0 pair of gloves (worn)
Jewellery
 f - a ring of wizardry (left hand)
 k - a ring of protection from cold (right hand)
Potions
 h - 2 potions of brilliance
 n - a potion of lignification {unknown}


   Skills:
 + Level 5.2 Fighting
 + Level 2.4 Short Blades
 + Level 2.4 Long Blades
 + Level 2.4 Axes
 + Level 2.4 Maces & Flails
 + Level 2.4 Polearms
 + Level 2.4 Staves
 + Level 2.4 Slings
 + Level 2.4 Bows
 + Level 8.9 Crossbows
 + Level 2.4 Throwing
 + Level 2.4 Armour
 + Level 5.2 Dodging
 + Level 3.4 Stealth
 + Level 2.4 Shields
 + Level 2.4 Unarmed Combat
 + Level 2.4 Spellcasting
 + Level 2.0 Conjurations
 + Level 2.0 Hexes
 + Level 2.0 Summonings
 + Level 2.0 Necromancy
 + Level 2.0 Translocations
 + Level 2.0 Transmutations
 + Level 2.0 Fire Magic
 + Level 2.0 Ice Magic
 + Level 2.0 Air Magic
 + Level 2.0 Earth Magic
 + Level 2.0 Poison Magic
 + Level 2.7 Invocations
 + Level 2.4 Evocations


You had 6 spell levels left.
You knew the following spells:

 Your Spells              Type           Power      Damage    Failure   Level
a - Magic Dart            Conj           20%        1d4       6%          1
b - Sting                 Tmut/Pois      20%        1d4       6%          1
c - Searing Ray           Conj           10%        3d3       10%         2

Your spell library contained the following spells:

 Spells                   Type           Power      Damage    Failure   Level
 Poisonous Vapours        Pois/Air       10%        N/A       10%         2
 Sublimation of Blood     Necr           2%         N/A       10%         2
 Wereblood                Tmut           5%         N/A       10%         2
 Fulminant Prism          Conj/Hex       2%         3d6       50%         4
 Olgreb's Toxic Radiance  Pois           5%         N/A       50%         4
 Summon Hydra             Summ           2%         N/A       100%        7


Dungeon Overview and Level Annotations

Branches:
Dungeon (5/15)
 Temple: D:4-7

Altars:
Ashenzari
Cheibriados
Gozag
Nemelex Xobeh
Okawaru
Ru
Xom
Zin


Innate Abilities, Weirdness & Mutations

You have very sharp teeth.
Your uncanny sense of smell can sniff out nearby items.
Your experience applies equally to all skills.


Message History

a +0 club; a gnoll corpse A gnoll shaman comes into view.
It is wielding a +0 club.
Casting: Magic Dart (safe; 6% risk of failure)
Confirm with . or Enter, or press ? or * to list all spells.
Aiming: Magic Dart (safe; 6% risk of failure)
Press: ? - help, Shift-Dir - straight line, f - gnoll shaman
Aim: a gnoll shaman, wielding a +0 club and wearing a +0 leather armour (wandering, hasn't noticed you, 100% to hit)
The magic dart hits the gnoll shaman but does no damage.
The gnoll shaman shouts!
You hear a shout! x4
Casting: Magic Dart (safe; 6% risk of failure)
Confirm with . or Enter, or press ? or * to list all spells.
Aiming: Sting (safe; 6% risk of failure)
Press: ? - help, Shift-Dir - straight line, f/p - gnoll shaman
Aim: a gnoll shaman, wielding a +0 club and wearing a +0 leather armour (72% to hit)
The sting hits the gnoll shaman but does no damage.
The gnoll shaman is poisoned.
The gnoll shaman hits you with a +0 club.
You hit the gnoll shaman but do no damage.
You bite the gnoll shaman, but do no damage.
The gnoll shaman barely misses you.
You hit the gnoll shaman.
The gnoll shaman looks even sicker.
The gnoll shaman is moderately wounded.
The gnoll shaman barely misses you.
A gnoll comes into view. It is wielding a +0 halberd.
You hit the gnoll shaman.
The gnoll shaman is heavily wounded.
The gnoll shaman closely misses you.
The gnoll hits you from afar with a +0 halberd!
* * * LOW HITPOINT WARNING * * *
The gnoll shaman completely misses you.
You hit the gnoll shaman. You burn the gnoll shaman.
The gnoll shaman is severely wounded.
The gnoll misses you.
The gnoll shaman calls down the wrath of its god upon you.
You resist with some effort.
You hit the gnoll shaman. You freeze the gnoll shaman.
You kill the gnoll shaman!
Okawaru accepts your kill.
The gnoll hits you from afar with a +0 halberd!
You die...

...# #.# .### #.# #.#
.#####.####### #.# #
.............####.##.##. #
###.######.......... .. ..
.....#######.####.##.##.#
#......................
#.##.#######.#†##.##.##.##
...... ........)@)........
#.##.# #####.#g#####.##.##
#.##.# #.#.# # .....#
#####.#.# #.##.# #........
#.##.# #<....... #.##.#
#.###.#..
.....###.###.####
.................


You could see a gnoll.

Vanquished Creatures
  2 necrophages
  An ogre (D:4)
  A water moccasin skeleton (D:3)
  A centaur skeleton (D:3)
  A hound (D:4)
  A gnoll shaman (D:5)
  Jessica (D:3)
  An iguana (D:4)
  3 gnolls (D:5)
  3 adders
  A shadow imp (D:3)
  The ghost of Brandom the Sneak, a weakling DsDe (D:3)
  A dart slug (D:2)
  2 orcs (D:4)
  9 ball pythons
  6 bats
  10 endoplasms
  2 giant cockroaches
  8 goblins
  4 hobgoblins
  2 jackals (D:5)
  5 quokkas
  6 frilled lizards
  12 kobolds
  6 rats
90 creatures vanquished.

Notes
Turn   | Place    | Note
-------+----------+-------------------------------------------
     0 | D:1      | funkygono the Gnoll Hunter began the quest for the Orb.
     0 | D:1      | Reached XP level 1. HP: 20/20 MP: 1/1
   278 | D:1      | Reached XP level 2. HP: 26/26 MP: 2/2
   649 | D:1      | Reached XP level 3. HP: 31/31 MP: 3/3
   864 | D:2      | Reached skill level 1 in Invocations
  1033 | D:2      | Reached skill level 1 in Short Blades
  1033 | D:2      | Reached skill level 1 in Long Blades
  1033 | D:2      | Reached skill level 1 in Axes
  1033 | D:2      | Reached skill level 1 in Maces & Flails
  1033 | D:2      | Reached skill level 1 in Polearms
  1033 | D:2      | Reached skill level 1 in Staves
  1033 | D:2      | Reached skill level 1 in Slings
  1033 | D:2      | Reached skill level 1 in Bows
  1033 | D:2      | Reached skill level 1 in Throwing
  1033 | D:2      | Reached skill level 1 in Armour
  1033 | D:2      | Reached skill level 1 in Shields
  1033 | D:2      | Reached skill level 1 in Unarmed Combat
  1033 | D:2      | Reached skill level 1 in Spellcasting
  1033 | D:2      | Reached skill level 1 in Evocations
  1094 | D:2      | Reached XP level 4. HP: 38/38 MP: 5/5
  1696 | D:3      | Noticed Jessica
  1719 | D:3      | Killed Jessica
  1760 | D:3      | Reached skill level 1 in Conjurations
  1760 | D:3      | Reached skill level 1 in Hexes
  1760 | D:3      | Reached skill level 1 in Summonings
  1760 | D:3      | Reached skill level 1 in Necromancy
  1760 | D:3      | Reached skill level 1 in Translocations
  1760 | D:3      | Reached skill level 1 in Transmutations
  1760 | D:3      | Reached skill level 1 in Fire Magic
  1760 | D:3      | Reached skill level 1 in Ice Magic
  1760 | D:3      | Reached skill level 1 in Air Magic
  1760 | D:3      | Reached skill level 1 in Earth Magic
  1760 | D:3      | Reached skill level 1 in Poison Magic
  1816 | D:3      | Found a faded altar of an unknown god.
  1846 | D:3      | Found an opulent altar of Gozag.
  1902 | D:3      | Found a large runed translucent door.
  1902 | D:3      | Found a large runed translucent door.
  1905 | D:3      | Found a shimmering altar of Xom.
  1913 | D:3      | Found a sparkling altar of Nemelex Xobeh.
  2065 | D:3      | Found a transporter.
  2068 | D:3      | Found a transporter.
  2068 | D:3      | Noticed Brandom's ghost (weakling DsDe)
  2115 | D:3      | Learned a level 1 spell: Magic Dart
  2360 | D:3      | Found a shimmering altar of Xom.
  2591 | D:3      | Killed Brandom's ghost
  2593 | D:3      | Reached XP level 5. HP: 9/43 MP: 5/7
  2596 | D:3      | HP: 2/43 [something (3)]
  3092 | D:4      | Noticed a necrophage
  3104 | D:4      | Killed a necrophage
  3105 | D:4      | Reached XP level 6. HP: 29/50 MP: 2/8
  3311 | D:4      | Reached skill level 5 in Fighting
  3311 | D:4      | Reached skill level 5 in Dodging
  3774 | D:4      | Found a broken altar of Ashenzari.
  3992 | D:4      | Learned a level 1 spell: Sting
  4064 | D:4      | Found a faded altar of an unknown god.
  4064 | D:4      | Found a faded altar of an unknown god.
  4076 | D:4      | Found a glowing silver altar of Zin.
  4078 | D:4      | Found an iron altar of Okawaru.
  4080 | D:4      | Found a snail-covered altar of Cheibriados.
  4243 | D:4      | Became a worshipper of Warmaster Okawaru
  4373 | D:4      | Reached XP level 7. HP: 56/56 MP: 5/10
  4522 | D:4      | Found a sacrificial altar of Ru.
  4526 | D:4      | Learned a level 2 spell: Searing Ray
  4806 | D:5      | Entered Level 5 of the Dungeon
  4995 | D:5      | Slain by a gnoll

Illustrated notes

Levels and vault maps discovered:
D:1:      dpeg_arrival_pits, layout_basic, serial_forest,
          infiniplex_forest_lined_2, infiniplex_forest_split,
          infiniplex_forest_clump_tiny, infiniplex_forest_clump_curved,
          infiniplex_forest_lined_1, infiniplex_forest_clump_small,
          infiniplex_forest_straight_2
D:2:      layout_basic
D:3:      due_chaos_kobolds, layout_loops_ring, lemuel_round_altar,
          nemelex_xobeh_ov_fountains_minmay, nicolae_gozag_seed_capital,
          ebering_ecumenical_altar_mist, gammafunk_ghost_mausoleum,
          wander_ebering_terrifying_dragon_lair, uniq_jessica
D:4:      layout_basic, ashenzari_altar_1, nicolae_ru_sacrificial_ziggurat,
          chequers_temple_overflow_minitemple, st_stairs_6
D:5:      kennysheep_windowed_halls, layout_basic

Skill      XL: |  1  2  3  4  5  6  7 |
---------------+----------------------+-----
Invocations    | 1 2 |  2.7
Short Blades   | 1 2 |  2.4
Long Blades    | 1 2 |  2.4
Axes           | 1 2 |  2.4
Maces & Flails | 1 2 |  2.4
Polearms       | 1 2 |  2.4
Staves         | 1 2 |  2.4
Slings         | 1 2 |  2.4
Bows           | 1 2 |  2.4
Throwing       | 1 2 |  2.4
Armour         | 1 2 |  2.4
Shields        | 1 2 |  2.4
Unarmed Combat | 1 2 |  2.4
Spellcasting   | 1 2 |  2.4
Evocations     | 1 2 |  2.4
Conjurations   | 1 2 |  2.0
Hexes          | 1 2 |  2.0
Summonings     | 1 2 |  2.0
Necromancy     | 1 2 |  2.0
Translocations | 1 2 |  2.0
Transmutations | 1 2 |  2.0
Fire Magic     | 1 2 |  2.0
Ice Magic      | 1 2 |  2.0
Air Magic      | 1 2 |  2.0
Earth Magic    | 1 2 |  2.0
Poison Magic   | 1 2 |  2.0
Stealth        | 3 |  3.4
Fighting       | 5 |  5.2
Dodging        | 5 |  5.2
Crossbows      | |  8.9

Action                   |  1- 3 |  4- 6 |  7- 9 || total
-------------------------+-------+-------+-------++-------
Melee: Short sword       |    15 |       |       ||    15
       Bite              |     1 |     5 |     2 ||     8
       Flail             |       |    28 |       ||    28
       Rapier            |       |    49 |    24 ||    73
       Punch             |       |     1 |       ||     1
 Fire: Hand crossbow     |    61 |    17 |       ||    78
 Cast: Magic Dart        |       |    31 |    10 ||    41
       Sting             |       |     1 |     1 ||     2
       Searing Ray       |       |       |     1 ||     1
  Use: Scroll            |     2 |     3 |     4 ||     9
 Stab: Sleeping          |       |     2 |       ||     2
       Petrifying        |       |     1 |       ||     1
Armor: Leather armour    |     6 |    15 |       ||    21
Dodge: Dodged            |     8 |    62 |    22 ||    92

Table legend: (Time is in decaauts)
 A = Elapsed time spent in this place.
 B = Non-inter-level travel time spent in this place.
 C = Inter-level travel time spent in this place.
 D = Time resting spent in this place.
 E = Time spent auto-exploring this place.
 F = Levels seen in this place.
 G = Mean time per level.
                   A        B        C        D        E       F      G
               +--------+--------+--------+--------+--------+-----+--------+
         Total |   5007 |   4681 |    326 |      0 |   4095 |   5 | 1001.4 |
       Dungeon |   5007 |   4681 |    326 |      0 |   4095 |   5 | 1001.4 |
               +--------+--------+--------+--------+--------+-----+--------+

Top non-repeatable levels by time:
     D:4: 1863 daAuts
     D:3: 1257 daAuts
     D:1: 852 daAuts
     D:2: 842 daAuts
     D:5: 190 daAuts
